 Dungeon Crawl Stone Soup version 0.23-a0-109-g5e4b187 (webtiles) character file.

53 Amnesiac the Gusty (level 3, -2/24 HPs)
             Began as a Mummy Air Elementalist on Aug 22, 2018.
             Slain by a phantom (5 damage)
             ... on level 3 of the Dungeon.
             The game lasted 00:06:10 (1449 turns).

Amnesiac the Gusty (Mummy Air Elementalist)         Turns: 1449, Time: 00:06:11

Health: -2/24      AC:  2    Str: 11    XL:     3   Next: 62%
Magic:  1/7        EV: 12    Int: 15    God:
Gold:   56         SH:  0    Dex: 12    Spells: 5/8 levels left

rFire    x . .     SeeInvis .   (no weapon)
rCold    + . .     Gourm    .   (no shield)
rNeg     + + +     Faith    .   a - +0 robe
rPois    ∞         Spirit   .   (no helmet)
rElec    .         Reflect  .   (no cloak)
rCorr    .         Harm     .   (no gloves)
MR       .....                  (no boots)
Stlth    ++........             (no amulet)
HPRegen  0.08/turn              (no ring)
MPRegen  0.10/turn              (no ring)

@: no status effects
A: no food or potions, fire vulnerability, cold resistance 1, negative energy
resistance 3, torment resistance, unbreathing
a: no special abilities


You were on level 3 of the Dungeon.
You were not hungry.

You visited 1 branch of the dungeon, and saw 4 of its levels.

You collected 56 gold pieces.

Inventory:

Armour
 a - a +0 robe (worn)
Scrolls
 b - 2 scrolls of identify {!r, unknown}
 c - a scroll of fear {!r, unknown}
 d - a scroll of fog {!r, unknown}


   Skills:
 - Level 1.5 Dodging
 - Level 1.5 Stealth
 + Level 3.4 Spellcasting
 - Level 0.7 Conjurations
 * Level 3.5 Air Magic


You had 5 spell levels left.
You knew the following spells:

 Your Spells              Type           Power        Failure   Level  Hunger
a - Shock                 Conj/Air       #...         9%          1    N/A
z - Swiftness             Chrm/Air       #.......     14%         2    N/A

Your spell library contained the following spells:

 Spells                   Type           Power        Failure   Level  Hunger
 Static Discharge         Conj/Air       #.......     24%         3    N/A
 Airstrike                Air            ##........   41%         4    N/A
 Lightning Bolt           Conj/Air       #.........   92%         5    N/A

Dungeon Overview and Level Annotations

Branches:
Dungeon (4/15)
 Temple: D:4-7

Altars:


Innate Abilities, Weirdness & Mutations

You do not eat or drink.
Your flesh is vulnerable to fire.
You are immune to poison.
Your flesh is cold resistant. (rC+)
You are immune to negative energy. (rN+++)
You are immune to unholy pain and torment.
You can survive without breathing.


Message History

The phantom blinks!
You see here a giant cockroach corpse.
The phantom blinks!
You see here a giant cockroach corpse.
The phantom blinks!
Casting: Shock (safe; 9% risk of failure)
Confirm with . or Enter, or press ? or * to list all spells.
Aiming: Shock (safe; 9% risk of failure)
Press: ? - help, Shift-Dir - straight line, f/p - phantom
Aim: a phantom (lightly damaged)
The zap hits the phantom.
The phantom is moderately damaged.
You closely miss the phantom.
The phantom is moderately damaged.
The phantom closely misses you.
Casting: Shock (safe; 9% risk of failure)
Confirm with . or Enter, or press ? or * to list all spells.
Aiming: Shock (safe; 9% risk of failure)
Press: ? - help, Shift-Dir - straight line, f/p - phantom
Aim: a phantom (moderately damaged)
The zap hits the phantom.
The phantom is moderately damaged.
The zap misses the phantom.
The phantom hits you but does no damage.
Casting: Shock (safe; 9% risk of failure)
Confirm with . or Enter, or press ? or * to list all spells.
Aiming: Shock (safe; 9% risk of failure)
Press: ? - help, Shift-Dir - straight line, f/p - phantom
Aim: a phantom (moderately damaged)
The zap hits the phantom.
The phantom appears unharmed.
The phantom is moderately damaged.
The zap misses the phantom.
The phantom hits you.
* * * LOW HITPOINT WARNING * * *
Casting: Shock (safe; 9% risk of failure)
Confirm with . or Enter, or press ? or * to list all spells.
Aiming: Shock (safe; 9% risk of failure)
Press: ? - help, Shift-Dir - straight line, f/p - phantom
Aim: a phantom (moderately damaged)
The zap misses the phantom.
The zap hits the phantom.
The phantom is moderately damaged.
The phantom hits you.
* * * LOW HITPOINT WARNING * * *
The phantom blinks!
Casting: Shock (safe; 9% risk of failure)
Confirm with . or Enter, or press ? or * to list all spells.
Aiming: Shock (safe; 9% risk of failure)
Press: ? - help, Shift-Dir - straight line, f/p - phantom
Aim: a phantom (moderately damaged)
The zap hits the phantom.
The phantom is moderately damaged.
Casting: Shock (safe; 9% risk of failure)
Confirm with . or Enter, or press ? or * to list all spells.
Aiming: Shock (safe; 9% risk of failure)
Press: ? - help, Shift-Dir - straight line, f/p - phantom
Aim: a phantom (moderately damaged)
The zap hits the phantom.
The phantom is heavily damaged.
The phantom blinks!
The phantom blinks!
The phantom blinks!
A phantom is nearby!
The phantom barely misses you. The phantom hits you.
You die...

#.....%.# #.......#
#.......# ##############
#.......### #.............
+........># #.############
#.......#.# #.#.......#
.........#.# #.#.#####.#
##.......W.# #.#....<#.#
#........@# #.#######.#
#.........# #.........#
#.......#.################
#.......#.................
...######..###############
.. #......... . #.........
#......... #.........


You could see a phantom.

Vanquished Creatures
  3 adders
  2 dart slugs (D:1)
  A leopard gecko (D:2)
  A bat (D:2)
  A giant cockroach (D:3)
  3 goblins
  2 hobgoblins (D:1)
  2 kobolds (D:1)
  A quokka (D:3)
  3 frilled lizards
  2 rats (D:1)
21 creatures vanquished.

Notes
Turn   | Place    | Note
-------+----------+-------------------------------------------
     0 | D:1      | Amnesiac the Mummy Air Elementalist began the quest for the Orb.
     0 | D:1      | Reached XP level 1. HP: 13/13 MP: 4/4
     6 | D:1      | Noticed a black bear
     6 | D:1      | Noticed a hog
     6 | D:1      | Noticed a worker ant
     7 | D:1      | Noticed a rime drake
   389 | D:1      | Reached XP level 2. HP: 16/19 MP: 1/5
   750 | D:1      | Learned a level 2 spell: Swiftness
   806 | D:2      | Reached XP level 3. HP: 9/24 MP: 1/7
  1209 | D:4      | Noticed a phantom
  1449 | D:3      | Slain by a phantom

Vault maps used:
D:1:      onia_arrival_zoo_common, hangedman_feature_mirror
D:2:      grunt_dithmenos_smoke
D:3:      first_ration
D:4:      enter_ossuary_2, kennysheep_generic_room_11

Skill      XL: |  1  2 |
---------------+-------+-----
Air Magic      | 3 |  3.5
Spellcasting   | 3 |  3.4
Dodging        | |  1.5
Stealth        | |  1.5
Conjurations   | |  0.7

Action                   || total
-------------------------++-------
Melee: Unarmed           ||    13
 Cast: Shock             ||    59
Armor: Robe              ||    15
Dodge: Dodged            ||    59

Table legend:
 A = Non-vault XP
 B = Vault XP
 C = Vault XP percentage of total XP
 D = Non-vault monster count
 E = Vault monster count
 F = Vault count percentage of total count
                 A         B        C        D         E       F
            +---------+---------+-------+---------+---------+-------
      Total |      75 |       1 |   1.3 |      20 |       1 |   4.8
            +---------+---------+-------+---------+---------+-------
        D:1 |      22 |       1 |   4.3 |      10 |       1 |   9.1
        D:2 |      36 |       0 |   0.0 |       7 |       0 |   0.0
        D:3 |      17 |       0 |   0.0 |       3 |       0 |   0.0
            +---------+---------+-------+---------+---------+-------
